Cogmind - Beta 16.1 @@@ ROGUE MODE // 2026.02.12 @ 23:11:44 Player: Rudrot Result: Destroyed by Y-45 Defender with Heavy Assault Rifle Performance ------------- Evolutions (1) 500 Regions Visited (3) 600 Robots Destroyed (67) 335 Value Destroyed (1356) 1356 Prototype IDs (4) 80 Alien Tech Used (0) 0 Bonus (0) 0 TOTAL SCORE: 2871 Bonus ------- None Cogmind --------- Core Integrity 0/400 Matter 227/300 Energy 265/265 System Corruption 11% Temperature Cool (9) Movement Walking (120) Location -9/Storage Parts ------- > --- POWER (1) -------- Improved Ion Engine > --- PROPULSION (2) --- Aluminum Leg Improved Aluminum Leg > --- UTILITY (4) ------ Medium Storage Unit Weight Redist. System Machine Analyzer Core Shielding > --- WEAPON (2) ------- Improved Light Cannon Improved Light Cannon > --- INVENTORY (10) --- Aluminum Leg Aluminum Leg Aluminum Leg Medium Storage Unit Large Storage Unit Improved Terrain Scanner Propulsion Shielding Light Armor Plating Improved Light Cannon Grenade Launcher Peak State ------------ > --- POWER ------------ Improved Ion Engine > --- PROPULSION ------- Aluminum Leg Improved Aluminum Leg > --- UTILITY ---------- Medium Storage Unit Weight Redist. System Machine Analyzer Core Shielding > --- WEAPON ----------- Improved Light Cannon Improved Light Cannon > --- INVENTORY -------- Aluminum Leg Aluminum Leg Aluminum Leg Medium Storage Unit Large Storage Unit Improved Terrain Scanner Propulsion Shielding Light Armor Plating Improved Light Cannon Grenade Launcher [Rating: 17] Favorites ----------- Power Ion Engine Engine Ion Engine Propulsion Aluminum Leg Leg Aluminum Leg Wheel Compact Wheel Utility Medium Storage Unit Device Seismic Detector Storage Medium Storage Unit Processor Machine Analyzer Protection Backup Plating I Weapon Assault Rifle Ballistic Gun Assault Rifle Ballistic Cannon Improved Light Cannon Launcher Grenade Launcher Slashing Weapon Mining Claw Build | -11 -10 -9 -9 ------- Run | Yrd Mat Mat Sto Slots Evolved 2 | . . 2 . Power . | . . . . Propulsion . | . . . . Utility 2 | . . 2 . Weapon . | . . . . Parts Attached 41 | 8 11 10 12 Power 3 | 1 1 . 1 Engine 3 | 1 1 . 1 Core . | . . . . Reactor . | . . . . Propulsion 11 | 2 6 2 1 Treads . | . . . . Leg 9 | 2 4 2 1 Wheel 2 | . 2 . . Hover . | . . . . Flight . | . . . . Utility 16 | 3 2 4 7 Device 4 | 2 . . 2 Storage 4 | 1 2 . 1 Processor 3 | . . 2 1 Hackware . | . . . . Protection 5 | . . 2 3 Artifact . | . . . . Weapon 11 | 2 2 4 3 Energy Gun . | . . . . Energy Cannon . | . . . . Ballistic Gun 3 | 2 . 1 . Ballistic Cannon 4 | . . 1 3 Launcher 3 | . 1 2 . Special Weapon . | . . . . Impact Weapon . | . . . . Slashing Weapon 1 | . 1 . . Piercing Weapon . | . . . . Special Melee Weapon . | . . . . Unidentified Prototypes . | . . . . Parts Lost 9 | . 2 5 2 Power 1 | . . 1 . Propulsion 1 | . 1 . . Utility 4 | . . 3 1 Weapon 3 | . 1 1 1 Highest Loss Streak 3 | . 1 3 1 To Critical Strikes . | . . . . Average Backups 7 | . 7 8 7 Power . | . . . . Propulsion 1 | . . 2 2 Utility 4 | . 5 4 3 Weapon 1 | . 1 1 1 Tool/Special . | . . . . Unused Backups 3 | . 1 . 2 Power . | . . . . Propulsion 1 | . . . 1 Utility 2 | . 1 . 1 Weapon . | . . . . Tool/Special . | . . . . Average Slot Usage (%) 94 | . 99 91 90 Engine 11 | . 13 10 7 Leg 23 | . 25 22 21 Wheel 1 | . 2 . . Device 8 | . 12 5 6 Storage 10 | . 10 11 11 Processor 5 | . . 9 7 Protection 10 | . 5 12 17 Ballistic Gun 12 | . 21 10 . Ballistic Cannon 4 | . . 1 16 Launcher 5 | . 3 9 2 Slashing Weapon 1 | . 3 . . Peak Build Rating 17 | 9 9 12 17 Average Rating 10 | 6 8 10 14 On Entrance 5 | . 9 8 6 Avg Prop Armor Cover (%) . | . . . . Naked Turns . | . . . . Heaviest Build 30 | 15 30 26 29 Greatest Support 29 | 20 26 23 29 Greatest Overweight (x) 1 | . 1 1 1 Average Overweight (x) . | . . . . Largest Inventory Capacity 15 | 8 15 10 10 Average Capacity 9 | 6 8 10 10 Most Carried 10 | 1 10 10 10 Average Carried 7 | . 7 8 7 Final Capacity 10 | 5 10 10 10 Final Carried 10 | 1 10 9 10 Class Distribution -------------------- 73% | Mutant 26% | Scavenger-Mutant Dominant Class ---------------- Mutant | -10/Materials Mutant | -9/Materials Scavenger-Mutant | -9/Storage Resources | -11 -10 -9 -9 ----------- Run | Yrd Mat Mat Sto Matter Collected 1569 | 339 349 338 543 Remotely . | . . . . Salvage Created 1795 | 152 541 457 645 Parts 131 | 10 47 45 29 Haulers Intercepted 6 | . 1 1 4 Recyclers Shooed 3 | . . 2 1 Parts Field Recycled . | . . . . Retrieved Matter . | . . . . Parts Self-Destructed . | . . . . Prevented . | . . . . Parts Restored . | . . . . Kills | -11 -10 -9 -9 ------- Run | Yrd Mat Mat Sto Combat Hostiles Destroyed 41 | . 16 13 12 Guns 18 | . 15 3 . Cannons 9 | . . 2 7 AOE 14 | . 1 8 5 Classes Destroyed 12 | 3 3 3 3 Worker 5 | 1 1 1 2 Builder 4 | . . 4 . Tunneler 3 | 3 . . . Hauler 6 | . 1 1 4 Recycler 6 | 1 3 1 1 Operator 1 | . . . 1 Watcher 1 | . . 1 . Swarmer 15 | . 12 3 . Grunt 16 | . 4 6 6 Brawler 1 | . . . 1 Duelist 1 | . . . 1 Sentry 8 | . . 4 4 Best Kill Streak 5 | 4 4 5 4 Combat Bots Only 4 | . 3 3 4 Max Kills in Single Turn 5 | 1 2 5 3 Gunslinging 1 | . 1 . . Exploded 2 | . 1 2 1 Melee . | . . . . Uniques/NPCs Destroyed . | . . . . Combat | -11 -10 -9 -9 -------- Run | Yrd Mat Mat Sto Hostile Shots Fired 254 | . 87 100 67 Missed 76 | . 20 33 23 Hits 178 | . 67 67 44 Melee 2 | . . . 2 Projectile 176 | . 67 67 42 Critical Strikes 4 | . . 3 1 Actively Blocked 1 | . . . 1 Damage Taken 2379 | . 665 1047 667 Core 572 | . 168 239 165 Absorbed by Shields . | . . . . Redirected to Shielding 55 | . . . 55 Regen/Repaired (Parts) 174 | . 15 . 159 Core Remaining (%) 66 | 100 32 . . Volleys Fired 142 | 14 48 41 39 Largest 2 | 2 2 2 2 Hottest 66 | 40 50 60 66 Shots Fired 231 | 28 81 63 59 Gun 141 | 28 79 34 . Cannon 65 | . . 18 47 Launcher 25 | . 2 11 12 Special . | . . . . Kinetic 206 | 28 79 52 47 Thermal . | . . . . Explosive 25 | . 2 11 12 Electromagnetic . | . . . . Robot Hit Streak 13 | 7 6 8 13 Robot Miss Streak 10 | 3 3 10 6 Penetration Max . | . . . . Secondary Targets 1 | . 1 . . Max Gunslinging Chain 1 | . 1 . . Shots Hit Robots 137 | 17 46 38 36 Core Hits 92 | 5 24 34 29 Critical Kills 1 | . 1 . . Critical Parts Destroyed . | . . . . Critical Strikes 3 | . 1 1 1 Destroy 1 | . 1 . . Blast 2 | . . 1 1 Melee Attacks 20 | . 20 . . Impact . | . . . . Slashing 20 | . 20 . . Piercing . | . . . . Sneak Attacks 1 | . 1 . . Combat Hostiles . | . . . . Follow-up Attacks . | . . . . Damage Inflicted 3884 | 236 1022 1428 1198 Guns 1193 | 236 600 357 . Cannons 714 | . . 138 576 Explosions 1903 | . 377 924 602 Melee 45 | . 45 . . Ramming 29 | . . 9 20 Kinetic 1907 | 236 600 495 576 Thermal 693 | . 307 386 . Explosive 1210 | . 70 538 602 Electromagnetic . | . . . . Impact . | . . . . Slashing 45 | . 45 . . Piercing . | . . . . Highest Corruption 11 | . . 11 11 Average Corruption 11 | . . 11 11 Corruption Purged . | . . . . Corruption Blocked . | . . . . Effects 60 | . . 24 36 Message Errors 16 | . . 8 8 Matter Fused 13 | . . 5 8 Heat Flow Errors 9 | . . 3 6 Energy Discharges 5 | . . 1 4 Parts Rejected 4 | . . 1 3 Data Loss (minor) 4 | . . 2 2 Data Loss (major) 1 | . . . 1 Misfires 3 | . . 1 2 Alerts 2 | . . 1 1 Misdirections 1 | . . 1 . Weapon Failures 2 | . . 1 1 Overload Shots . | . . . . Overflow Damage 167 | . 167 . . Projectiles . | . . . . Explosions 167 | . 167 . . Melee . | . . . . Knockbacks 3 | . . . 3 Impact . | . . . . Kinetic 3 | . . . 3 Secondary . | . . . . Self-Inflicted Damage 89 | . 44 . 45 Shots 4 | . 2 . 2 Rammed . | . . . . Targets Rammed 14 | . . 4 10 Kicked 14 | . . 4 10 Crushed . | . . . . Highest Temperature 233 | . 6 152 233 Average Temperature 47 | . 6 38 52 Received Heat Transfer 672 | . 138 327 207 Effects 1 | . . . 1 Energy Bleed 1 | . . . 1 Siege Activations . | . . . . Martial Activations . | . . . . Shielding Activations . | . . . . Robots Disrupted . | . . . . Combat Hostiles . | . . . . Robots Corrupted . | . . . . Combat Hostiles . | . . . . Parts Fried . | . . . . Impact Corruptions . | . . . . Robots Melted . | . . . . Combat Hostiles . | . . . . Parts Melted 2 | . 1 1 . Heat Transferred 400 | . 150 250 . Parts Sabotaged . | . . . . Parts Stolen . | . . . . Parts Stripped . | . . . . Power Chain Reactions . | . . . . Alert | -11 -10 -9 -9 ------- Run | Yrd Mat Mat Sto Maximum Alert Level 1 | . 1 1 . Low Security (%) 86 | 100 74 88 100 Level 1 13 | . 25 11 . Level 2 . | . . . . Level 3 . | . . . . Level 4 . | . . . . Level 5 . | . . . . High Security . | . . . . Max Security . | . . . . Peak Influence 276 | 10 276 235 183 Initial 93 | . . 87 93 Average 86 | 1 94 89 82 Influence Increases 1571 | 25 530 518 498 Destroy 0b10 Robot/C 820 | . 320 260 240 Destroy 0b10 Robot/NC 130 | 25 25 40 40 Destroy Leader 224 | . 72 74 78 Allied During Kill 1 | . . . 1 Trap Triggered on 0b10 10 | . 10 . . Successful Hack 17 | . 11 4 2 Disable Machine 120 | . 30 30 60 Destroy Structure 189 | . 32 95 62 Lose Combat Pursuer 60 | . 30 15 15 Influence Decreases 1416 | 25 322 503 566 Entered New Map 251 | . . 121 130 Time Decay 996 | 25 302 332 337 Lost Part 90 | . 20 50 20 Lost Ally 79 | . . . 79 Squads Dispatched 8 | . 3 2 3 Investigation 1 | . . 1 . Extermination . | . . . . Reinforcement 5 | . 3 1 1 Assault . | . . . . Garrison 2 | . . . 2 Intercept . | . . . . Searches Triggered . | . . . . Construction Impeded . | . . . . Haulers Reinforced . | . . . . Active Scanning Responses . | . . . . Cargo Convoy Interrupts . | . . . . Stealth | -11 -10 -9 -9 --------- Run | Yrd Mat Mat Sto Distress Signals 5 | . 2 3 . Communications Jammed . | . . . . Distress Signals . | . . . . Times Spotted 72 | . 27 23 22 Peak Tracking Total 8 | . 5 6 8 Tactical Retreats 3 | . 1 1 1 Traps | -11 -10 -9 -9 ------- Run | Yrd Mat Mat Sto Traps Triggered 2 | . 1 1 . Indirectly . | . . . . Trap Hack Attempts . | . . . . Triggered . | . . . . Disarmed . | . . . . Reprogrammed 6 | . 6 . . Reused 1 | . 1 . . Traps Extracted . | . . . . Installed . | . . . . Triggered 1 | . 1 . . Machines | -11 -10 -9 -9 ---------- Run | Yrd Mat Mat Sto Machines Disabled 8 | . 2 2 4 Max in Single Turn 2 | . 2 2 2 Machines Repaired . | . . . . Machines Dismantled . | . . . . Machines Sabotaged . | . . . . Overloaded Fab Kills . | . . . . Hacking | -11 -10 -9 -9 --------- Run | Yrd Mat Mat Sto Machines Accessed 11 | . 3 3 5 Terminals 8 | . 2 2 4 Fabricators . | . . . . Repair Stations 2 | . 1 . 1 Recycling Units 1 | . . 1 . Scanalyzers . | . . . . Garrison Access . | . . . . Total Hacks 33 | . 10 10 13 Successful 18 | . 5 7 6 Failed 15 | . 5 3 7 Catastrophic 2 | . 1 . 1 Database Lockouts . | . . . . Manual . | . . . . Terminals 21 | . 7 6 8 Fabricators . | . . . . Repair Stations 8 | . 3 . 5 Recycling Units 4 | . . 4 . Scanalyzers . | . . . . Garrison Access . | . . . . Terminal Hacks 7 | . 2 3 2 Prototype ID Bank 2 | . 1 1 . Open Door 1 | . . . 1 Alert Level 1 | . . . 1 Locate Traps 1 | . . 1 . Reprogram Traps 1 | . 1 . . Hauler Manifests 1 | . . 1 . Fabricator Hacks . | . . . . Repair Station Hacks 7 | . 3 . 4 Scan Component 3 | . 1 . 2 Repair 3 | . 1 . 2 Refit 1 | . 1 . . Recycling Unit Hacks 4 | . . 4 . Recycle Component 2 | . . 2 . Process 1 | . . 1 . Retrieve Matter 1 | . . 1 . Scanalyzer . | . . . . Garrison Access Hacks . | . . . . Unauthorized Hacks . | . . . . Terminals . | . . . . Fabricators . | . . . . Repair Stations . | . . . . Recycling Units . | . . . . Scanalyzers . | . . . . Garrison Access . | . . . . Data Cores Recovered . | . . . . Used . | . . . . Hacking Detections 6 | . 1 1 4 Full Trace Events . | . . . . Feedback Events . | . . . . Feedback Blocked . | . . . . Robot Schematics Acquired . | . . . . Robots Built . | . . . . Authchips . | . . . . Time . | . . . . Total Robot Build Rating . | . . . . Part Schematics Acquired . | . . . . Parts Built . | . . . . Authchips . | . . . . Time . | . . . . Total Part Build Rating . | . . . . Part Studies Acquired . | . . . . Parts Repaired 3 | . 1 . 2 Time 90 | . 26 . 64 Parts Recycled 2 | . . 2 . Recycled Matter 71 | . . 71 . Retrieved Matter 114 | . . 114 . Retrieved Components . | . . . . Parts Scanalyzed . | . . . . Part Schematics Acquired . | . . . . Parts Damaged . | . . . . Bothacking | -11 -10 -9 -9 ------------ Run | Yrd Mat Mat Sto Used RIF Installer . | . . . . Robots Hacked . | . . . . Non-combat . | . . . . Combat . | . . . . Robot Hacks Applied . | . . . . Relay Couplers Released . | . . . . Fabnet Peak Effective % . | . . . . Robots Rewired . | . . . . Allies Hacked . | . . . . Hacks Repelled . | . . . . Allies | -11 -10 -9 -9 -------- Run | Yrd Mat Mat Sto Total Allies . | . . . . Largest Group . | . . . . Highest-Rated Group . | . . . . Highest-Rated Ally . | . . . . Total Orders 3 | . . . 3 ROAM 1 | . . . 1 FOLLOW 1 | . . . 1 RETURN 1 | . . . 1 Ally Attacks . | . . . . Total Damage . | . . . . Kills . | . . . . Allies Corrupted . | . . . . Allies Melted . | . . . . Intel | -11 -10 -9 -9 ------- Run | Yrd Mat Mat Sto Active Infowar (turns) 2156 | 91 885 401 779 Terrain 565 | 91 321 153 . Seismic 1499 | 9 885 400 205 Machine Analysis 574 | . . . 574 Robot Analysis Total . | . . . . Derelict Logs Recovered . | . . . . Drone Launches 18 | . . . 18 Drone Recoveries 4 | . . . 4 Exploration | -11 -10 -9 -9 ------------- Run | Yrd Mat Mat Sto Turns Passed 3594 | 156 1411 1196 831 Spaces Moved 1920 | 92 877 582 369 Core 12 | 12 . . . Treads . | . . . . Legs 1800 | 80 769 582 369 Wheels 108 | . 108 . . Hover . | . . . . Flight . | . . . . Fastest Speed 50 | 50 90 120 120 Average Speed 150 | 110 129 180 162 Slowest Speed 190 | 120 190 190 190 Overloaded Moves . | . . . . Propulsion Burnouts . | . . . . Robots Hopped 2 | . . . 2 Potential Cave-ins 1 | . . 1 . Cave-ins Triggered 1 | . . 1 . Exploration Rate (%) 45 | 3 97 46 37 Regions Visited 3 Branch Regions 1 Pre-discovered Areas . | . . . . Known Exits Taken . | . . . . Unknown Exits Taken 3 | 1 1 1 . Scrap Searched . | . . . . Spaces Dug 18 | . 12 . 6 Terrain Destroyed 210 | . 35 112 63 Melee 12 | . 12 . . Projectile 2 | . . . 2 AOE 196 | . 23 112 61 Terrain Rammed . | . . . . Walls Destroyed . | . . . . Machines Disabled . | . . . . Actions | -11 -10 -9 -9 --------- Run | Yrd Mat Mat Sto Total 2348 | 114 1037 663 534 Wait 138 | . 50 7 81 Move 1914 | 91 876 581 366 Hop 1 | . . . 1 Pick Up 19 | . 12 5 2 Fast Attach 31 | 8 8 2 13 Attach 12 | . 2 6 4 Detach 11 | 1 2 4 4 Swap 17 | . 7 6 4 Drop 21 | . 11 7 3 Fire 142 | 14 48 41 39 Melee 20 | . 20 . . Ram . | . . . . Kick 14 | . . 4 10 Crush . | . . . . Escape Stasis . | . . . . Rewire 1 | . 1 . . Trap . | . . . . Miscellaneous 7 | . . . 7 Route ------- -11/Scrapyard -10/Materials (discovered 4 exits: *Mat x3 / [*Min]) -9/Materials (discovered 3 exits: [*Mat] / [*Min] / *Sto) -9/Storage History --------- Turn | Location | Event 5 | -11/Scrapyard | Discovered new exit (range 14) 157 | -11/Scrapyard | Entered Materials 302 | -10/Materials | Build established: Mutant 757 | -10/Materials | Discovered new exit (range 9) 980 | -10/Materials | Discovered new exit (range 14) 1068 | -10/Materials | Repaired Seismic Detector 1181 | -10/Materials | Discovered new exit (range 11) 1233 | -10/Materials | Core integrity fell below 50% 1306 | -10/Materials | Discovered new exit (range 15) 1568 | -10/Materials | Entered another Materials area 1568 | -9/Materials | Evolved 2 slots: Utility x2 1568 | -9/Materials | Discovered new exit (range 15) 2094 | -9/Materials | Crushed by falling debris 2094 | -9/Materials | System corruption reached 10% 2125 | -9/Materials | Lost 3 parts (2u1w) 2206 | -9/Materials | Discovered new exit (range 16) 2455 | -9/Materials | Discovered new exit (range 16) 2561 | -9/Materials | Build established: Scavenger-Mutant 2699 | -9/Materials | Core integrity fell below 50% 2764 | -9/Materials | Entered Storage 2914 | -9/Storage | Lost 4 allies 2948 | -9/Storage | Build established: Mutant 2995 | -9/Storage | Core integrity fell below 20% 2999 | -9/Storage | Lost 9 allies 3265 | -9/Storage | Repaired Imp. Aluminum Leg 3298 | -9/Storage | Repaired Imp. Ion Engine 3452 | -9/Storage | Garrison activated, responded to threat 3595 | -9/Storage | Destroyed by Y-45 Defender with Heavy Assault Rifle Last Messages --------------- 03515_ Acquired 9 matter. 03517_ K-01 Serf collects debris. 03517_ Acquired 2 matter. 03518_ R-06 Scavenger collects Prototype Energy Gun. 03519_ Acquired 45 matter. 03520_ System corrupted: Heat flow error (+222). 03520_ K-01 Serf collects debris. 03522_ R-06 Scavenger collects Prototype Engine. 03522_ K-01 Serf collects debris. 03536_ 6OPT7IYJKAD2TTTIIC&5 XSARV&BTV2> 03538_ Dropped Lgt. Armor Plating. 03539_ Acquired Weight Redist. System. 03543_ Acquired 2 matter. 03555_ System corrupted: Heat flow error (+103). 03570_ System corrupted: Matter fused (-7). 03579_ Connecting with Terminal... >>Alert(Check) Current Alert Level: Low Security 03586_ X=QT